| TOP OF THE 1ST |
|
Augusta GreenJackets batting - Pitching for Peoria Chiefs : RHP Ben Cook
|
|
Pitching: RHP Ben Cook
|
|
|
Batting: LHB Pat Aviles
|
0-0: Swinging Strike 0-1: Ball 1-1: Fly out, F8 (Flyball, 8RM, EV 91.9 MPH)
|
|
Batting: RHB Mike Buchanan
|
0-0: Ball 1-0: Ball 2-0: Foul Ball, location: 2F 2-1: Called Strike 2-2: Strikes out swinging
|
|
Batting: LHB Carey Horncole
|
0-0: Ball 1-0: Called Strike 1-1: Called Strike 1-2: Ball 2-2: Ball 3-2: SINGLE (Groundball, 4MS, EV 69.4 MPH) (infield hit)
|
|
Batting: RHB Omar Jordan
|
0-0: Called Strike Carey Horncole steals 2nd base (no throw) 0-1: Swinging Strike 0-2: Ball 1-2: Fly out, F7 (Flyball, 7S, EV 81.9 MPH)
|
| Top of the 1st over - 0 runs, 1 hit, 0 errors, 1 left on base; Augusta 0 - Peoria 0 |
| BOTTOM OF THE 1ST |
|
Peoria Chiefs batting - Pitching for Augusta GreenJackets : RHP Rich Benoit
|
|
Pitching: RHP Rich Benoit
|
|
|
Batting: SHB Bobby O'Leary
|
0-0: Foul Ball, location: 2F 0-1: Swinging Strike 0-2: Strikes out swinging
|
|
Batting: RHB Mark Marks
|
0-0: Called Strike 0-1: Swinging Strike 0-2: Ball 1-2: Foul Ball, location: 2F 1-2: Ball 2-2: Foul Ball, location: 2F 2-2: Foul Ball, location: 2F 2-2: Ball 3-2: SINGLE (Groundball, 6MD, EV 107.5 MPH)
|
|
Batting: RHB Travis Leonard
|
0-0: Ball 1-0: SINGLE (Line Drive, 34, EV 93.8 MPH) Mark Marks to second Runner from 2nd tries for 3rd, OUT! 9-5
|
|
Batting: LHB Jay Fenderson
|
0-0: Ball Travis Leonard is caught stealing 2nd base 2-6
|
| Bottom of the 1st over - 0 runs, 2 hits, 0 errors, 0 left on base; Augusta 0 - Peoria 0 |
| TOP OF THE 2ND |
|
Augusta GreenJackets batting - Pitching for Peoria Chiefs : RHP Ben Cook
|
|
Batting: RHB Doug Kennie
|
0-0: Ball 1-0: Called Strike 1-1: SINGLE (Groundball, 56D, EV 103.1 MPH)
|
|
Batting: RHB Danny Gallo
|
0-0: Fly out, F9 (Flyball, 9, EV 91.9 MPH)
|
|
Batting: RHB Devin Lowery
|
0-0: Called Strike 0-1: Called Strike 0-2: Strikes out swinging
|
|
Batting: RHB Micah McErlean
|
0-0: Called Strike 0-1: Ball 1-1: Called Strike 1-2: Ball 2-2: Reached on error, E5 (Groundball, 56S, EV 71.3 MPH) Doug Kennie to second
|
|
Batting: RHB Alfredo Lemus
|
0-0: Ball 1-0: Called Strike 1-1: Called Strike 1-2: Foul Ball, location: 2F 1-2: Strikes out looking
|
| Top of the 2nd over - 0 runs, 1 hit, 1 error, 2 left on base; Augusta 0 - Peoria 0 |
| BOTTOM OF THE 2ND |
|
Peoria Chiefs batting - Pitching for Augusta GreenJackets : RHP Rich Benoit
|
|
Batting: LHB Jay Fenderson
|
0-0: Ball 1-0: Foul Ball, location: 2F 1-1: Ball 2-1: Foul Ball, location: 2F 2-2: Ball 3-2: DOUBLE (Line Drive, 78D, EV 106.9 MPH)
|
|
Batting: RHB Terry Baginski
|
0-0: Foul Ball, location: 2F 0-1: Ball 1-1: Foul Ball, location: 2F 1-2: Foul Ball, location: 2F 1-2: Strikes out swinging
|
|
Batting: LHB Ken Compton
|
0-0: Ball Jay Fenderson steals 3rd, throwing error, E2 Jay Fenderson scores 1-0: Ground out 4-3 (Groundball, 4, EV 98.8 MPH)
|
|
Batting: RHB Francisco Vargas
|
0-0: Ground out 6-3 (Groundball, 6, EV 86.9 MPH)
|
| Bottom of the 2nd over - 1 run, 1 hit, 1 error, 0 left on base; Augusta 0 - Peoria 1 |
| TOP OF THE 3RD |
|
Augusta GreenJackets batting - Pitching for Peoria Chiefs : RHP Ben Cook
|
|
Batting: LHB Pat Aviles
|
0-0: Ground out 5-3 (Groundball, 5, EV 105.6 MPH)
|
|
Batting: RHB Mike Buchanan
|
0-0: Called Strike 0-1: Ball 1-1: Ground out 5-3 (Groundball, 6S, EV 76.9 MPH)
|
|
Batting: LHB Carey Horncole
|
0-0: Foul Ball, location: 2F 0-1: Foul Ball, location: 2F 0-2: Foul Ball, location: 2F 0-2: Ball 1-2: SINGLE (Groundball, 4MD, EV 97.5 MPH)
|
|
Batting: RHB Omar Jordan
|
0-0: Ball Carey Horncole steals 2nd base 1-0: Foul Ball, location: 2F 1-1: Swinging Strike 1-2: Foul Ball, location: 2F 1-2: Ground out 1-3 (Groundball, 13, EV 68.1 MPH)
|
| Top of the 3rd over - 0 runs, 1 hit, 0 errors, 1 left on base; Augusta 0 - Peoria 1 |
| BOTTOM OF THE 3RD |
|
Peoria Chiefs batting - Pitching for Augusta GreenJackets : RHP Rich Benoit
|
|
Batting: RHB Justin Reich
|
0-0: Foul Ball, location: 2F 0-1: Ball 1-1: Ground out 5-3 (Groundball, 56, EV 99.4 MPH)
|
|
Batting: RHB Perry Huse
|
0-0: Foul Ball, location: 2F 0-1: Ball 1-1: Ball 2-1: DOUBLE (Line Drive, 9LM, EV 103.8 MPH)
|
|
Batting: SHB Bobby O'Leary
|
0-0: Ball 1-0: Ball 2-0: Called Strike 2-1: Foul Ball, location: 2F 2-2: Strikes out looking
|
|
Batting: RHB Mark Marks
|
0-0: Foul Ball, location: 2F 0-1: Ball 1-1: Ball 2-1: Swinging Strike 2-2: Fly out, F7 (Flyball, 7, EV 91.3 MPH)
|
| Bottom of the 3rd over - 0 runs, 1 hit, 0 errors, 1 left on base; Augusta 0 - Peoria 1 |
| TOP OF THE 4TH |
|
Augusta GreenJackets batting - Pitching for Peoria Chiefs : RHP Ben Cook
|
|
Batting: RHB Doug Kennie
|
0-0: Swinging Strike 0-1: Ball 1-1: Called Strike 1-2: Ball 2-2: Strikes out swinging
|
|
Batting: RHB Danny Gallo
|
0-0: Ball 1-0: Called Strike 1-1: Fly out, F8 (Flyball, 8LM, EV 92.5 MPH)
|
|
Batting: RHB Devin Lowery
|
0-0: Called Strike 0-1: Ball 1-1: Swinging Strike 1-2: Ground out 3-1 (Groundball, 34, EV 101.9 MPH)
|
| Top of the 4th over - 0 runs, 0 hits, 0 errors, 0 left on base; Augusta 0 - Peoria 1 |
| BOTTOM OF THE 4TH |
|
Peoria Chiefs batting - Pitching for Augusta GreenJackets : RHP Rich Benoit
|
|
Batting: RHB Travis Leonard
|
0-0: Ground out 5-3 (Groundball, 56, EV 103.1 MPH)
|
|
Batting: LHB Jay Fenderson
|
0-0: Ball 1-0: Ball 2-0: Called Strike 2-1: Ball 3-1: Base on Balls
|
|
Batting: RHB Terry Baginski
|
0-0: Called Strike 0-1: Ball Jay Fenderson steals 2nd base 1-1: Foul Ball, location: 2F 1-2: Ball 2-2: Ball 3-2: 2-RUN HOME RUN (Flyball, 7LD, EV 91.9 MPH), Distance : 331 ft
|
|
Batting: LHB Ken Compton
|
0-0: Ball 1-0: Called Strike 1-1: Called Strike 1-2: Foul Ball, location: 2F 1-2: Fly out, F8 (Flyball, 78S, EV 87.5 MPH)
|
|
Batting: RHB Francisco Vargas
|
0-0: Called Strike 0-1: Called Strike 0-2: Ball 1-2: Ball 2-2: Foul Ball, location: 2F 2-2: Foul Ball, location: 2F 2-2: Foul Ball, location: 2F 2-2: Foul Ball, location: 2F 2-2: Fly out, F7 (Flyball, 7LS, EV 81.9 MPH)
|
| Bottom of the 4th over - 2 runs, 1 hit, 0 errors, 0 left on base; Augusta 0 - Peoria 3 |
| TOP OF THE 5TH |
|
Augusta GreenJackets batting - Pitching for Peoria Chiefs : RHP Ben Cook
|
|
Batting: RHB Micah McErlean
|
0-0: Ball 1-0: Called Strike 1-1: Ground out 6-3 (Groundball, 6, EV 83.1 MPH)
|
|
Batting: RHB Alfredo Lemus
|
0-0: Fly out, F5 (Popup, 25F, EV 70.6 MPH)
|
|
Batting: LHB Pat Aviles
|
0-0: Ground out 4-3 (Groundball, 4, EV 98.1 MPH)
|
| Top of the 5th over - 0 runs, 0 hits, 0 errors, 0 left on base; Augusta 0 - Peoria 3 |
| BOTTOM OF THE 5TH |
|
Peoria Chiefs batting - Pitching for Augusta GreenJackets : RHP Rich Benoit
|
|
Batting: RHB Justin Reich
|
0-0: Ball 1-0: Foul Ball, location: 2F 1-1: Ball 2-1: Ball 3-1: Foul Ball, location: 2F 3-2: Foul Ball, location: 2F 3-2: Fly out, F8 (Flyball, 8LS, EV 91.9 MPH)
|
|
Batting: RHB Perry Huse
|
0-0: Ball 1-0: Ball 2-0: Fly out, F7 (Flyball, 78M, EV 83.8 MPH)
|
|
Batting: SHB Bobby O'Leary
|
0-0: Ball 1-0: Called Strike 1-1: Foul Ball, location: 2F 1-2: Ball 2-2: Ball 3-2: Foul Ball, location: 2F 3-2: Foul Ball, location: 2F 3-2: Fly out, F7 (Flyball, 78S, EV 85.6 MPH)
|
| Bottom of the 5th over - 0 runs, 0 hits, 0 errors, 0 left on base; Augusta 0 - Peoria 3 |
| TOP OF THE 6TH |
|
Augusta GreenJackets batting - Pitching for Peoria Chiefs : RHP Ben Cook
|
|
Batting: RHB Mike Buchanan
|
0-0: Called Strike 0-1: TRIPLE (Line Drive, 9LD, EV 106.3 MPH)
|
|
Batting: LHB Carey Horncole
|
0-0: Foul Ball, location: 2F 0-1: Swinging Strike 0-2: Ball 1-2: Strikes out swinging
|
|
Batting: RHB Omar Jordan
|
0-0: Ground out 6-3 (Groundball, 56, EV 110.0 MPH) Mike Buchanan scores
|
|
Batting: RHB Doug Kennie
|
0-0: Foul Ball, location: 2F 0-1: Ball 1-1: Ball 2-1: Foul Ball, location: 2F 2-2: Ball 3-2: SINGLE (Groundball, 56D, EV 108.1 MPH)
|
|
Batting: RHB Danny Gallo
|
0-0: Ball 1-0: Ball 2-0: Ball 3-0: Called Strike 3-1: Fly out, F8 (Flyball, 8RM, EV 88.8 MPH)
|
| Top of the 6th over - 1 run, 2 hits, 0 errors, 1 left on base; Augusta 1 - Peoria 3 |
| BOTTOM OF THE 6TH |
|
Peoria Chiefs batting - Pitching for Augusta GreenJackets : RHP Rich Benoit
|
|
Batting: RHB Mark Marks
|
0-0: Called Strike 0-1: Ball 1-1: Ball 2-1: Ground out 6-3 (Groundball, 6, EV 91.3 MPH)
|
|
Batting: RHB Travis Leonard
|
0-0: Called Strike 0-1: Ball 1-1: Called Strike 1-2: Foul Ball, location: 2F 1-2: Foul Ball, location: 2F 1-2: Strikes out swinging
|
|
Batting: LHB Jay Fenderson
|
0-0: Swinging Strike 0-1: Ground out U3 (Groundball, 3, EV 83.8 MPH)
|
| Bottom of the 6th over - 0 runs, 0 hits, 0 errors, 0 left on base; Augusta 1 - Peoria 3 |
| TOP OF THE 7TH |
|
Augusta GreenJackets batting - Pitching for Peoria Chiefs : RHP Ben Cook
|
|
Pitching: RHP Bryan Vandenburgh
|
|
|
Batting: RHB Devin Lowery
|
0-0: Ball 1-0: SINGLE (Flyball, 8RS, EV 93.1 MPH)
|
|
Batting: RHB Micah McErlean
|
0-0: Called Strike 0-1: Ball 1-1: Called Strike Devin Lowery steals 2nd base 1-2: Strikes out swinging
|
|
Batting: RHB Alfredo Lemus
|
0-0: Ball Devin Lowery steals 3rd base 1-0: Ball 2-0: Called Strike 2-1: SINGLE (Groundball, 4, EV 96.3 MPH) Devin Lowery scores
|
|
Batting: LHB Pat Aviles
|
0-0: Ball Wild Pitch! Alfredo Lemus to second 1-0: Ball 2-0: Called Strike 2-1: Ball 3-1: Base on Balls
|
|
Pinch Hitting: LHB Gabe Velez
|
0-0: Fly out, F7 (Line Drive, 7, EV 99.4 MPH)
|
|
Batting: LHB Carey Horncole
|
0-0: Ground out U3 (Groundball, 3, EV 90.0 MPH)
|
| Top of the 7th over - 1 run, 2 hits, 0 errors, 2 left on base; Augusta 2 - Peoria 3 |
| BOTTOM OF THE 7TH |
|
Peoria Chiefs batting - Pitching for Augusta GreenJackets : RHP Rich Benoit
|
|
Pitching: RHP Ron Riley
|
|
|
Now in LF: Pat Aviles
|
|
|
Now in RF: Gabe Velez
|
|
|
Batting: RHB Terry Baginski
|
0-0: Foul Ball, location: 2F 0-1: Swinging Strike 0-2: Ball 1-2: Foul Ball, location: 2F 1-2: Ball 2-2: Ball 3-2: Base on Balls
|
|
Batting: LHB Ken Compton
|
0-0: Ball 1-0: SINGLE (Line Drive, 3D, EV 109.4 MPH) Terry Baginski to second
|
|
Batting: RHB Francisco Vargas
|
0-0: Sac Bunt to 5S - play at first, batter OUT! 5-4 Terry Baginski to third Ken Compton to second
|
|
Batting: RHB Justin Reich
|
0-0: Intentional Walk
|
|
Batting: RHB Perry Huse
|
0-0: Called Strike 0-1: SINGLE (Line Drive, 6, EV 96.3 MPH) Terry Baginski scores Ken Compton to third Justin Reich to second Runner from 3rd tries for Home, SAFE, throw by LF to trailing runner, OUT at third! 7-3-5
|
|
Batting: SHB Bobby O'Leary
|
0-0: Ball 1-0: Ball 2-0: Fly out, F6 (Popup, 6, EV 79.4 MPH)
|
| Bottom of the 7th over - 2 runs, 2 hits, 0 errors, 1 left on base; Augusta 2 - Peoria 5 |
| TOP OF THE 8TH |
|
Augusta GreenJackets batting - Pitching for Peoria Chiefs : RHP Bryan Vandenburgh
|
|
Pitching: LHP Luis Herrera
|
|
|
Batting: RHB Omar Jordan
|
0-0: Called Strike 0-1: Foul Ball, location: 2F 0-2: Ball 1-2: Ball 2-2: Ground out 2-3 (Groundball, 2L, EV 65.0 MPH)
|
|
Batting: RHB Doug Kennie
|
0-0: SINGLE (Line Drive, 4MD, EV 105.0 MPH)
|
|
Batting: RHB Danny Gallo
|
0-0: Foul Ball, location: 2F 0-1: Ball 1-1: Swinging Strike 1-2: Fielders Choice at 2nd, U6 (Groundball, 4MS, EV 87.5 MPH)
|
|
Batting: RHB Devin Lowery
|
0-0: Called Strike 0-1: Ball 1-1: Foul Ball, location: 2F 1-2: Strikes out swinging
|
| Top of the 8th over - 0 runs, 1 hit, 0 errors, 1 left on base; Augusta 2 - Peoria 5 |
| BOTTOM OF THE 8TH |
|
Peoria Chiefs batting - Pitching for Augusta GreenJackets : RHP Ron Riley
|
|
Batting: RHB Mark Marks
|
0-0: Ball 1-0: Ball 2-0: Called Strike 2-1: Swinging Strike 2-2: Foul Ball, location: 2F 2-2: Strikes out swinging
|
|
Batting: RHB Travis Leonard
|
0-0: Called Strike 0-1: Ball 1-1: Ball 2-1: Ground out U3 (Groundball, 34, EV 106.3 MPH)
|
|
Batting: LHB Jay Fenderson
|
0-0: Ball 1-0: Hit by Pitch
|
|
Batting: RHB Terry Baginski
|
0-0: Ball 1-0: Ball Jay Fenderson is caught stealing 2nd base 2-4
|
| Bottom of the 8th over - 0 runs, 0 hits, 0 errors, 0 left on base; Augusta 2 - Peoria 5 |
| TOP OF THE 9TH |
|
Augusta GreenJackets batting - Pitching for Peoria Chiefs : LHP Luis Herrera
|
|
Batting: RHB Micah McErlean
|
0-0: Foul Ball, location: 2F 0-1: Fly out, F9 (Flyball, 9S, EV 81.9 MPH)
|
|
Batting: RHB Alfredo Lemus
|
0-0: Called Strike 0-1: Fly out, F8 (Flyball, 89D, EV 96.3 MPH)
|
|
Batting: LHB Pat Aviles
|
0-0: Called Strike 0-1: Ground out 5-3 (Groundball, 56, EV 89.4 MPH)
|
| Top of the 9th over - 0 runs, 0 hits, 0 errors, 0 left on base; Augusta 2 - Peoria 5 |
|